Elbereth, lawful female human Valkyrie ------------ # |..........| -.---- ###-..........| |..>.-# # |..........| #######################|....|#### ...........| #--------------- #......# ## |..........| ##|.............. #|....|#### |..........| #..............| ------## --.-.------- `############|..........`..| ## --------------- # # # [ # # ################################## # # --|------------ # -|-|-########...........@.d| ##|...-# # |.......>..&..| |^(<| .....(........| ----- --------------- Elbereth the Skirmisher Experience level: 5 Strength: 18/02 Dexterity: 10 Constitution: 18 Intelligence: 8 Wisdom: 12 Charisma: 9 Health: 0(40) Energy: 18(18) Def: 7 Gold: 134 Moves: 1886 Dungeon seed: VY1G7DZuujT60RZV Game ID: Elbereth_1607595524 Your Inventory: Coins $ - 134 gold pieces Weapons a - a blessed +1 long sword (weapon in hand) b - a +0 dagger h - a cursed -1 dagger Armor e - an uncursed +3 small shield (being worn) n - an uncursed +0 dwarvish cloak (being worn) q - an uncursed +0 pair of iron shoes (being worn) r - an uncursed +0 orcish helm (being worn) Comestibles c - an uncursed food ration Potions g - an uncursed potion of blindness Wands d - a wand of light (0:6) Spells and supernatural/magical abilities: Name Level Category Fail Memory W - pray for help -- divine ? -- Your skills at the end: Fighting Skills Weapon Skills dagger [Basic] long sword [Basic] Spellcasting Skills Final Attributes: You were piously aligned. You were cold resistant. You were going to confuse monsters. You were stealthy. You are dead. Vanquished creatures: a rock mole a shrieker 2 gnome lords a dwarf an iguana a hobbit 2 giant rats 2 brown molds 11 gnomes a gecko 3 jackals a fox 2 goblins 7 grid bugs 2 lichens 4 newts 42 creatures vanquished. Voluntary challenges: You had been an atheist until turn 1883. You used a wielded weapon 38 times, starting on turn 111. You read items or engraved 1 time, starting on turn 1861. You never genocided any monsters. You never polymorphed an object. You never changed form. You used no wishes. You never split a pudding. You never wrote Elbereth's name. You violated your moral code, losing 19 points of alignment, starting on turn 1441. Dungeon overview: The Dungeons of Doom: levels 1 to 2 Level 1 a long staircase Level 2 <- You were here a fountain stairs to The Gnomish Mines The Gnomish Mines: levels 3 to 4 Level 3 stairs to The Dungeons of Doom Level 4 History has recorded: On T:1 you entered the Dungeons of Doom to retrieve the Amulet of Yendor! On T:231 you reached level 2 of The Dungeons of Doom. On T:613 you reached level 1 of The Gnomish Mines. On T:845 you advanced to experience level 2. On T:881 you advanced to experience level 3. On T:1119 you advanced to experience level 4. On T:1584 you reached level 2 of The Gnomish Mines. On T:1748 you advanced to experience level 5. Score breakdown: Gold: 134 ( 7246 points) Experience: 5 levels (11141 points) Exploration: 4 levels ( 8.33%) ( 7579 points) Discoveries: 2 items ( 0.81%) ( 2705 points) Valuables value: (no points given unless you survive) Artifact value: 0 ( 0 points) Variety of kills: 16 monsters ( 4.20%) ( 6147 points) Turncount: 1886 turns ( 0 points) Survival: died (score multiplied by 80%) Total score: 27854 Latest messages: You miss the water demon. The water demon hits! (2x) The water demon bites! You miss the water demon. The water demon hits! (2x) The water demon bites! You miss the water demon. The water demon hits! (2x) The water demon bites! You miss the water demon. The water demon hits! The water demon misses. The water demon bites! You begin praying to Tyr. You are surrounded by a shimmering light. The water demon starts to attack you, but pulls back. (3x) You feel that Tyr is well-pleased. Your long sword softly glows with a light blue aura and is now as good as new. You miss the water demon. The water demon hits! (2x) You die... Final status: Farvel Elbereth the Valkyrie, killed by a water demon... You died in The Dungeons of Doom on dungeon level 2 with 27854 points, and 134 pieces of gold, after 1886 moves. You were level 5 with a maximum of 40 hit points when you died.